 Dungeon Crawl Stone Soup version 0.31-a0-1529-g7bd419a0e5 (webtiles) character file.

Game seed: 11965268334784010752

9 grandjackal the Chopper (level 2, 22/22 HPs)
             Began as a Demonspawn Gladiator on Jan 1, 2024.
             Quit the game on level 1 of the Dungeon.
             The game lasted 00:00:15 (148 turns).

grandjackal the Chopper (Demonspawn Gladiator)       Turns: 148, Time: 00:00:16

Health: 22/22      AC:  4    Str: 14    XL:     2   Next: 3%
Magic:  2/2        EV: 12    Int:  8    God:
Gold:   0          SH:  0    Dex: 14    Spells: 1/1 levels left

rFire   . . .        a - +0 war axe
rCold   . . .        (no shield)
rNeg    . . .        b - +0 leather armour
rPois   .            c - +0 helmet
rElec   .            (no cloak)
rCorr   .            (no gloves)
SInv    .            (no boots)
Will    .....        (no amulet)
Stlth   +            (no ring)
HPRegen 0.23/turn    (no ring)
MPRegen 0.08/turn

%: no passive effects
@: no status effects
A: claws 1
a: no special abilities


You were on level 1 of the Dungeon.
You visited 1 branch of the dungeon, and saw 1 of its levels.

Inventory:

Hand Weapons
 a - a +0 war axe (weapon)
Missiles
 d - 3 throwing nets (quivered)
 e - a javelin
Armour
 b - a +0 leather armour (worn)
 c - a +0 helmet (worn)
Scrolls
 f - a scroll of poison {unknown}
 g - a scroll of identify {unknown}


   Skills:
 + Level 2.2 Fighting
 + Level 2.8 Axes
 + Level 2.0 Throwing
 + Level 2.8 Dodging


You had one spell level left.
You didn't know any spells.
Your spell library was empty.

Dungeon Overview and Level Annotations

Branches:
Dungeon (1/15)

Altars:


Innate Abilities, Weirdness & Mutations

You have sharp fingernails.


Message History

A rat is nearby!
A rat is nearby!
A bat comes into view.
You closely miss the rat. The bat misses you. The rat barely misses you. x2
The bat hits you but does no damage.
You hit the rat.
You kill the rat!
You hit the bat.
You kill the bat!
No target in view!
No target in view!
Found a stone staircase leading down.
Found 6 poisoned darts.
A bat comes into view.
A bat is nearby!
A goblin comes into view. It is wielding a +0 club.
You see here 6 poisoned darts.
The goblin shouts!
The bat completely misses you. The bat closely misses you. The bat misses you.
The goblin misses you.
You miss the goblin. You barely miss the bat. The bat barely misses you.
The bat hits you but does no damage. The goblin barely misses you.
You slash the goblin!
You kill the goblin!
You barely miss the bat. The bat hits you but does no damage.
Your Throwing skill increases to level 2!
The bat misses you.
Things that are here:
a +0 club; a goblin corpse You closely miss the bat.
The bat misses you.
You closely miss the bat. The bat hits you but does no damage.
The bat closely misses you.
You slash the bat!
You kill the bat!
You have reached level 2!
You feel monstrous as your demonic heritage exerts itself.
Your demonic ancestry asserts itself...
Your fingernails lengthen.
Are you sure you want to abandon this character and quit the game? (Confirm with "yes".)

##.##..#.##...##....
####..##.##....#.##.##.
#....###.#####.†..#..##
#.###(...# ##....#..# #
#....# ##......# #...##
###...## #...######
#...+⌠ #...?.....#
##..##
#.@.#####...###...#
#...# #....#..# #...#
####...## #...# #..##.
##### ##.... ###..
........ ####.... #....


There were no monsters in sight!

Vanquished Creatures
  A goblin (D:1)
  3 jackals (D:1)
  2 bats (D:1)
  A frilled lizard (D:1)
  A rat (D:1)
8 creatures vanquished.

Notes
Turn   | Place    | Note
-------+----------+-------------------------------------------
     0 | D:1      | grandjackal the Demonspawn Gladiator began the quest for
                  | the Orb.
     0 | D:1      | Reached XP level 1. HP: 16/16 MP: 1/1
   148 | D:1      | Discovered your monstrous ancestry.
   148 | D:1      | Gained mutation: You have sharp fingernails. [demonic
                  | ancestry]
   148 | D:1      | Reached XP level 2. HP: 22/22 MP: 2/2
   148 | D:1      | Quit the game

Illustrated notes

Levels and vault maps discovered:
D:1:      grunt_arrival_crossed_arrows, layout_rooms

Skill      XL: |  1 |
---------------+----+-----
Throwing       | 2 |  2.0
Fighting       | |  2.2
Axes           | |  2.8
Dodging        | |  2.8

Action                     || total
---------------------------++-------
  Melee: War axe           ||    22
 Armour: Leather armour    ||    21
  Dodge: Dodged            ||    32

Table legend: (Time is in decaauts)
 A = Elapsed time spent in this place.
 B = Non-inter-level travel time spent in this place.
 C = Inter-level travel time spent in this place.
 D = Time resting spent in this place.
 E = Time spent auto-exploring this place.
 F = Levels seen in this place.
 G = Mean time per level.
                   A        B        C        D        E       F      G
               +--------+--------+--------+--------+--------+-----+--------+
         Total |    156 |    156 |      0 |     52 |     52 |   1 |  156.0 |
       Dungeon |    156 |    156 |      0 |     52 |     52 |   1 |  156.0 |
               +--------+--------+--------+--------+--------+-----+--------+

Top non-repeatable levels by time:
     D:1: 156 daAuts
